 Dungeon Crawl Stone Soup version 0.29-a0-925-g0a7a3d12f8 (webtiles) character file.

Game seed: 3867392888504919123

48615 concernfroge the Marksmummy (level 14, -6/110 HPs)
             Began as a Mummy Monk on July 28, 2022.
             Was an Elder of Okawaru.
             Mangled by a five-headed hydra (12 damage)
             ... in the Arena on July 29, 2022.
             The game lasted 01:16:46 (22876 turns).

concernfroge the Marksmummy (Mummy Monk)           Turns: 22876, Time: 01:16:47

Health: -6/110     AC: 19    Str: 18    XL:     14   Next: 12%
Magic:  15/23      EV: 17    Int:  9    God:    Okawaru [****..]
Gold:   1077       SH:  0    Dex: 16    Spells: 13/13 levels left

rFire   . . .      SeeInvis .   f - +2 arbalest (vorpal)
rCold   + . .      Faith    .   (shield currently unavailable)
rNeg    + + +      Spirit   .   n - +0 scale mail {rF+}
rPois   ∞          Reflect  .   o - +2 helmet
rElec   .          Harm     .   c - +0 cloak
rCorr   .          Rampage  .   l - +0 pair of gloves
Will    +....                   E - +1 pair of boots
Stlth   ++........              m - amulet of the acrobat
HPRegen 0.28/turn               p - +4 ring of protection
MPRegen 0.18/turn               x - +4 ring of evasion

@: heroic, duelling
A: cold resistance 1, negative energy resistance 3, torment resistance 2, heat
vulnerability 1, in touch with death 2, no potions
a: Renounce Religion, Heroism, Finesse


You were in the Arena.
You worshipped Okawaru.
Okawaru was greatly pleased with you.
You visited 3 branches of the dungeon, and saw 17 of its levels.
You also visited: Sewer and Ossuary.

You collected 1077 gold pieces.

Inventory:

Hand Weapons
 f - a +2 vorpal arbalest (weapon)
 A - a +2 longbow of freezing
 C - the +7 sceptre of Torment {pain, torment}
   (You found it on level 5 of the Lair of Beasts)

   In the hands of one skilled in necromantic magic, it inflicts extra damage on
   living creatures.
   It occasionally torments all nearby living foes when it strikes in combat.
Missiles
 b - 39 poisoned darts
 g - 11 throwing nets
 k - 8 javelins
 B - 2 curare-tipped darts
Armour
 c - a +0 cloak (worn)
 l - a +0 pair of gloves (worn)
 n - a +0 scale mail of fire resistance (worn)
 o - a +2 helmet (worn)
 D - the +0 chain mail of the Equator {rElec rN+}
   (Okawaru gifted it to you on level 4 of the Lair of Beasts)

   rElec:     It insulates you from electricity.
   rN:        It protects you from negative energy.
 E - a +1 pair of boots (worn)
 G - a +0 troll leather armour
Jewellery
 i - a ring of ice
 m - an amulet of the acrobat (around neck)
 p - a +4 ring of protection (left hand)
 x - a +4 ring of evasion (right hand)
 F - a ring of fire
 H - a ring of ice
Wands
 a - a wand of quicksilver (12)
 q - a wand of flame (34)
 r - a wand of digging (6)
 s - a wand of iceblast (9)
 w - a wand of mindburst (12)
 z - a wand of polymorph (7)
Scrolls
 d - 3 scrolls of vulnerability
 e - 4 scrolls of immolation
 h - 5 scrolls of identify
 j - a scroll of noise
 u - a scroll of silence
 v - 3 scrolls of amnesia
 y - 4 scrolls of teleportation


   Skills:
 - Level 10.0(15.0) Fighting
 - Level 2.4(7.4) Polearms
 + Level 16.0(21.0) Ranged Weapons
 - Level 2.4(7.4) Dodging
 - Level 1.5(6.5) Stealth
 - Level 12.0 Invocations


You had 13 spell levels left.
You didn't know any spells.
Your spell library contained the following spells:

 Spells                   Type           Power      Damage    Failure   Level
 Blink                    Tloc           0%         N/A       88%         2
 Scorch                   Fire           0%         2d5       88%         2
 Gell's Gravitas          Tloc           0%         N/A       98%         3
 Lesser Beckoning         Tloc           0%         N/A       98%         3
 Portal Projectile        Hex/Tloc       0%         N/A       98%         3
 Teleport Other           Tloc           0%         N/A       98%         3
 Flame Wave               Conj/Fire      0%         2d4       100%        4
 Hailstorm                Conj/Ice       0%         3d3       100%        4
 Alistair's Intoxication  Tmut/Pois      0%         N/A       100%        5
 Borgnjor's Vile Clutch   Necr/Erth      0%         N/A       100%        5
 Manifold Assault         Tloc           0%         N/A       100%        5
 Dispersal                Tloc           0%         N/A       100%        6
 Eringya's Noxious Bog    Tmut/Pois      0%         N/A       100%        6
 Sublimation of Blood     Necr           Unusable   N/A       N/A         2
 Wereblood                Tmut           Unusable   N/A       N/A         2
 Tukima's Dance           Hex            Unusable   N/A       N/A         3
 Ice Form                 Ice/Tmut       Unusable   N/A       N/A         4
 Blade Hands              Tmut           Unusable   N/A       N/A         5
 Simulacrum               Ice/Necr       Unusable   N/A       N/A         6
 Summon Cactus Giant      Summ           Unusable   N/A       N/A         6
 Summon Hydra             Summ           Unusable   N/A       N/A         7

Dungeon Overview and Level Annotations

Branches:
Dungeon (11/15)            Temple (1/1) D:4            Lair (5/5) D:9
 Shoals (0/4) Lair:3        Snake (0/4) Lair:2        Slime (0/5) Lair:4
  Sewer (visited)         Ossuary (visited)
    Orc: D:9-12

Altars:
Ashenzari
Cheibriados
Dithmenos
Fedhas
Gozag
Hepliaklqana
Kikubaaqudgha
Makhleb
Nemelex Xobeh
Okawaru
Qazlal
Ru
Sif Muna
Trog
Uskayaw
Wu Jian
Xom
Yredelemnul

Shops:
D:3 !

Annotations:
Lair:2 3 runed translucent doors, MisterPants's ghost, journeyman FeSu


Innate Abilities, Weirdness & Mutations

You are immune to poison.
Your flesh is cold resistant. (rC+)
You are immune to negative energy. (rN+++)
You are immune to unholy pain and torment.
You are vulnerable to heat. (rF-)
You are strongly in touch with the powers of death.
You do not drink.


Message History

The bolt barely misses the five-headed hydra.
Fire: f) +2 arbalest (vorpal)
Press: ? - help, Q - select action, (/) - cycle Shift-Dir - straight line, f/p - five-headed hydra
Aim: a five-headed hydra (lightly wounded, 85% to hit)
You shoot a bolt.
The bolt completely misses the five-headed hydra.
Fire: f) +2 arbalest (vorpal)
Press: ? - help, Q - select action, (/) - cycle Shift-Dir - straight line, f/p - five-headed hydra
Aim: a five-headed hydra (lightly wounded, 85% to hit)
You shoot a bolt.
The bolt hits the five-headed hydra but does no damage.
The five-headed hydra is lightly wounded.
The five-headed hydra bites you but does no damage. x2
The five-headed hydra bites you.
* * * LOW HITPOINT WARNING * * *
The five-headed hydra bites you but does no damage.
The five-headed hydra completely misses you.
Okay, then.
Okay, then.
Aiming: Quicksilver Bolt
Press: ? - help, Shift-Dir - straight line, f/p - five-headed hydra
Aim: a five-headed hydra (lightly wounded, 90% to hit)
The bolt of dispelling energy hits the five-headed hydra!
The five-headed hydra is moderately wounded.
The five-headed hydra barely misses you.
The five-headed hydra closely misses you.
The five-headed hydra bites you but does no damage.
The five-headed hydra closely misses you.
The five-headed hydra bites you but does no damage.
Fire: f) +2 arbalest (vorpal)
Press: ? - help, Q - select action, (/) - cycle Shift-Dir - straight line, f/p - five-headed hydra
Aim: a five-headed hydra (lightly wounded, 85% to hit)
You shoot a bolt. The bolt hits the five-headed hydra!
The five-headed hydra is moderately wounded.
The five-headed hydra bites you but does no damage.
The five-headed hydra bites you.
* * * LOW HITPOINT WARNING * * *
The five-headed hydra bites you!
You die...
Okawaru crowns the five-headed hydra victorious!

#..▓▓.....▓▓p.#
#.▓▓.......▓▓.#
#p▓.........▓▓#
##▓....∩....▓∩#
#.▓.........▓▓#
#.▓▓.......▓▓.#
#..▓▓.....▓▓..#
##..▓▓.D.▓▓..##
##.p▓▓@▓▓p.##
##pp▓▓▓pp##
#########


You could see a five-headed hydra.

Vanquished Creatures
  Gastronok (Lair:2)
  Fannar (D:11)
  2 centaur warriors
  4 hydras
  3 two-headed ogres
  4 death yaks (Lair:4)
  An ugly thing (D:11)
  The ghost of jlumianski the Chiller, a novice DsIE of Hepliaklqana (D:6)
  12 elephants
  3 black mambas
  A torpor snail (Lair:3)
  13 cane toads
  2 kobold demonologists (D:11)
  2 rime drakes
  10 komodo dragons
  Prince Ribbit (D:6)
  A meliai (D:11)
  3 trolls (D:11)
  5 polar bears
  Grinder (D:6)
  8 hornets
  18 blink frogs
  9 dream sheep
  A shadow (D:11)
  A centaur simulacrum (D:11)
  2 wyverns (Lair:5)
  A vampire (D:11)
  A wraith (Ossuary)
  12 spriggans (Lair:5)
  23 yaks
  2 basilisks
  2 steam dragons
  3 vampire mosquitoes (D:11)
  Menkaure (D:6)
  Edmund (D:5)
  An acid dragon (D:9)
  A naga (Lair:2)
  9 water moccasins
  6 ice beasts
  5 black bears
  A sky beast (D:8)
  5 boggarts (Lair:5)
  21 wolves
  10 centaurs
  2 phantoms
  5 kobold brigands
  An elf zombie (D:6)
  14 bullfrogs
  6 gnoll sergeants
  5 scorpions
  2 necrophages
  An elf skeleton (D:6)
  7 wights (D:8)
  16 killer bees
  7 howler monkeys
  2 electric eels (D:11)
  A lava snake (D:7)
  3 jellies
  8 orc priests
  6 hounds
  A gnoll bouda (D:5)
  A human zombie (D:6)
  4 iguanas
  4 orc wizards
  A bullfrog simulacrum (D:6)
  A killer bee simulacrum (D:6)
  A mummy (Ossuary)
  32 gnolls
  6 adders
  3 river rats (Sewer)
  3 white imps (D:6)
  A howler monkey simulacrum (D:6)
  3 ufetubi
  A worm (D:3)
  5 dart slugs
  22 orcs
  2 bats (D:2)
  5 endoplasms
  A giant cockroach (D:1)
  7 goblins
  3 hobgoblins
  8 jackals
  33 kobolds
  4 quokkas
  16 ball pythons
  4 frilled lizards
  7 gnoll skeletons (Ossuary)
  5 kobold skeletons (Ossuary)
  14 orc skeletons
  2 orc zombies (D:6)
  24 rats
525 creatures vanquished.

Vanquished Creatures (collateral kills)
  2 rats (Sewer)
2 creatures vanquished.

Vanquished Creatures (others)
  45 fungi
  43 plants
88 creatures vanquished.

Grand Total: 615 creatures vanquished

Notes
Turn   | Place    | Note
-------+----------+-------------------------------------------
     0 | D:1      | concernfroge the Mummy Monk began the quest for the Orb.
     0 | D:1      | Reached XP level 1. HP: 18/18 MP: 1/1
   300 | D:1      | Reached XP level 2. HP: 24/24 MP: 2/2
   903 | D:2      | Gained mutation: You are in touch with the powers of death.
                  | [Mummy growth]
   903 | D:2      | Reached XP level 3. HP: 30/30 MP: 3/3
   925 | D:2      | Found a faded altar of an unknown god.
  2092 | D:3      | Identified a scroll of acquirement
  2534 | D:3      | Found a glowing drain.
  2539 | Sewer    | Entered a sewer
  2558 | Sewer    | Reached XP level 4. HP: 38/38 MP: 4/4
  2576 | Sewer    | Reached skill level 5 in Fighting
  3598 | Sewer    | Reached XP level 5. HP: 44/46 MP: 5/5
  4651 | D:4      | Found a staircase to the Ecumenical Temple.
  4661 | Temple   | Entered the Ecumenical Temple
  4724 | Temple   | Became a worshipper of Warmaster Okawaru
  4724 | Temple   | Reached * piety under Okawaru
  4724 | Temple   | Reached ** piety under Okawaru
  4799 | D:4      | Found a snail-covered altar of Cheibriados.
  4908 | D:4      | Found a sparkling altar of Nemelex Xobeh.
  4971 | D:4      | HP: 1/46 [orc priest/+0 short sword (4)]
  5097 | D:3      | Acquired a +2 vorpal arbalest
  5109 | D:3      | Reached skill level 1 in Invocations
  5434 | D:3      | Found Vukaiji's Distillery.
  5566 | D:4      | Reached XP level 6. HP: 46/53 MP: 5/7
  5710 | D:4      | Found a burning altar of Makhleb.
  5710 | D:4      | Noticed a cacodemon
  5860 | D:5      | Entered Level 5 of the Dungeon
  6016 | D:5      | Reached XP level 7. HP: 54/60 MP: 8/8
  6111 | D:5      | HP: 3/61 [gnoll sergeant/+0 trident (11)]
  6823 | D:5      | Reached *** piety under Okawaru
  6828 | D:5      | Reached XP level 8. HP: 54/71 MP: 9/9
  7070 | D:5      | Reached skill level 10 in Fighting
  7070 | D:5      | Reached skill level 1 in Ranged Weapons
  7142 | D:5      | Reached skill level 2 in Ranged Weapons
  7207 | D:5      | Reached skill level 3 in Ranged Weapons
  7275 | D:5      | Noticed Edmund
  7290 | D:5      | Killed Edmund
  7291 | D:5      | Reached skill level 4 in Ranged Weapons
  8074 | D:6      | Noticed jlumianski's ghost (novice DsIE)
  8079 | D:6      | Noticed Grinder
  8084 | D:6      | Killed Grinder
  8085 | D:6      | Reached skill level 5 in Ranged Weapons
  8085 | D:6      | Reached XP level 9. HP: 78/78 MP: 7/10
  8106 | D:6      | Noticed Prince Ribbit
  8115 | D:6      | Killed Prince Ribbit
  8115 | D:6      | Reached **** piety under Okawaru
  8117 | D:6      | Reached skill level 6 in Ranged Weapons
  8251 | D:6      | Found a runed translucent gate.
  8251 | D:6      | Found a runed translucent gate.
  8251 | D:6      | Found a runed translucent gate.
  8295 | D:6      | Found a sand-covered staircase.
  8375 | Ossuary  | Entered an ossuary
  8602 | D:6      | Noticed Menkaure
  8604 | D:6      | Killed Menkaure
  8999 | D:7      | Reached skill level 7 in Ranged Weapons
  9114 | D:7      | Reached ***** piety under Okawaru
  9408 | D:7      | Found a shimmering altar of Xom.
 10030 | D:8      | Reached skill level 5 in Invocations
 10033 | D:8      | Reached XP level 10. HP: 71/85 MP: 13/13
 10050 | D:8      | Reached skill level 8 in Ranged Weapons
 10185 | D:8      | Noticed a centaur warrior
 10192 | D:8      | Killed a centaur warrior
 10911 | D:8      | Received a gift from Okawaru
 10912 | D:8      | Reached skill level 9 in Ranged Weapons
 11584 | D:9      | Noticed a two-headed ogre
 11591 | D:9      | Killed a two-headed ogre
 11592 | D:9      | Reached XP level 11. HP: 90/90 MP: 8/16
 11797 | D:9      | Reached skill level 10 in Ranged Weapons
 12053 | D:9      | Found a staircase to the Lair.
 12475 | D:9      | Found an opulent altar of Gozag.
 12475 | D:9      | Found a bloodstained altar of Trog.
 12633 | Lair:1   | Entered Level 1 of the Lair of Beasts
 13099 | Lair:1   | Noticed a six-headed hydra
 13103 | Lair:1   | Killed a six-headed hydra
 13254 | Lair:1   | Noticed an eight-headed hydra
 13511 | Lair:2   | Found a runed translucent gate.
 13511 | Lair:2   | Found a runed translucent gate.
 13511 | Lair:2   | Found a runed translucent gate.
 13512 | Lair:2   | Noticed MisterPants's ghost (journeyman FeSu)
 13630 | Lair:2   | Found a staircase to the Snake Pit.
 13695 | Lair:2   | Reached skill level 11 in Ranged Weapons
 13967 | Lair:2   | Noticed Gastronok
 13976 | Lair:2   | Killed Gastronok
 14576 | Lair:3   | Found a staircase to the Shoals.
 14808 | Lair:3   | Reached XP level 12. HP: 97/97 MP: 12/19
 14831 | Lair:3   | Reached skill level 10 in Invocations
 15008 | Lair:3   | Noticed a five-headed hydra
 15015 | Lair:3   | Killed a five-headed hydra
 15271 | Lair:3   | Reached skill level 12 in Ranged Weapons
 16194 | Lair:4   | Identified the +0 chain mail of the Equator {rElec rN+}
                  | (Okawaru gifted it to you on level 4 of the Lair of Beasts)
 16194 | Lair:4   | Received a gift from Okawaru
 16915 | Lair:4   | Noticed a death yak
 16926 | Lair:4   | Noticed a death yak
 16926 | Lair:4   | Noticed a death yak
 16943 | Lair:4   | Killed a death yak
 16943 | Lair:4   | Noticed a death yak
 16946 | Lair:4   | Killed a death yak
 16947 | Lair:4   | Reached skill level 13 in Ranged Weapons
 16947 | Lair:4   | Killed a death yak
 16948 | Lair:4   | Gained mutation: You are strongly in touch with the powers
                  | of death. [Mummy growth]
 16948 | Lair:4   | Reached XP level 13. HP: 66/103 MP: 17/21
 17136 | Lair:4   | Found a staircase to the Slime Pits.
 17690 | Lair:5   | Entered Level 5 of the Lair of Beasts
 17694 | Lair:5   | Found the +7 sceptre of Torment {pain, torment}
 18350 | Lair:5   | Reached skill level 14 in Ranged Weapons
 20483 | Lair:5   | Reached skill level 15 in Ranged Weapons
 20959 | D:6      | Killed jlumianski's ghost
 22000 | D:10     | Entered Level 10 of the Dungeon
 22055 | D:10     | You fall into a shaft and drop 1 floor!
 22057 | D:11     | Noticed Fannar
 22392 | D:11     | Killed Fannar
 22393 | D:11     | Reached XP level 14. HP: 80/110 MP: 23/23
 22801 | D:11     | Reached skill level 16 in Ranged Weapons
 22868 | Arena    | Entered the Arena
 22876 | Arena    | Mangled by a five-headed hydra

Illustrated notes

Levels and vault maps discovered:
D:1:      minmay_arrival_four_loops, layout_rooms,
          amcnicky_mini_corridor_feature
D:2:      layout_basic, dreamdust_ecumenical_altar_grove
D:3:      layout_basic, serial_shops, shop, portal_sewer_entry_e
D:4:      layout_rooms, makhleb_altar_promises_db, kennysheep_mini_moat,
          cheibriados_altar_1, minmay_temple_entry_offerings,
          grunt_decor_resistance
D:5:      layout_cave_pods, serial_gnoll_camp, gnoll_camp_mini_basic,
          gnoll_camp_mini_loothouse, gnoll_camp_mini_basic,
          gnoll_camp_huts_moat, hex_tiny, grunt_ministairs_15,
          minmay_misc_feat_hallway, minmay_holes, uniq_edmund
D:6:      layout_basic, gammafunk_ghost_icy, nicolae_ossuary_entry_catacombs,
          amcnicky_mini_pool_small, uniq_menkaure, uniq_prince_ribbit1,
          uniq_grinder
D:7:      layout_cave_pools, lemuel_coloured_pillars_altar, grunt_decor_junction
D:8:      minmay_imperfect_grid, layout_loops_ring
D:9:      layout_irregular_city, gammafunk_temple_overflow_wave,
          david_lair_generic, minmay_crystal_room
D:10:     layout_cave_pools, fiery_altar_vehumet, orc_0_dummy, grunt_livestock,
          chequers_serial_rivers_small_b, uniq_erolcha
D:11:     regret_index_combs_of_tragedy, layout_rooms, fungi_pond_lemuel,
          uniq_fannar
Temple:   hellmonk_temple_of_storms
Lair:1:   layout_regular_city, nicolae_volcano_entry_two_sided, st_stairs_10,
          cheibrodos_lair_reptile_den
Lair:2:   layout_concentric_octagons, guppyfry_snake_entry_island,
          ebering_ghost_rock_garden, grunt_megastairs_3, serial_bayou_shore_a,
          uniq_gastronok
Lair:3:   layout_regular_city, minmay_shoals_entry_centaurs
Lair:4:   layout_loops_ring, slime_entry_1
Lair:5:   minmay_lair_end_enchanted_forest, layout_long_grid, grunt_megastairs_4
Arena

Skill      XL: |  1  2  3  4  5  6  7  8  9 10 11 12 13 14 |
---------------+-------------------------------------------+-----
Fighting       | 4 5 6 7 9 10 | 10.0
Invocations    | 1 2 5 7 9 11 12 | 12.0
Ranged Weapons | 5 7 9 11 13 15 16 | 16.0
Polearms       | |  2.4
Dodging        | |  2.4
Stealth        | |  1.5

Action                   |  1- 3 |  4- 6 |  7- 9 | 10-12 | 13-15 || total
-------------------------+-------+-------+-------+-------+-------++-------
Melee: Spear             |   126 |       |       |       |       ||   126
 Fire: Sling             |    42 |   191 |       |       |       ||   233
       Arbalest          |       |    61 |   315 |   536 |   547 ||  1459
Invok: Heroism           |       |     3 |    11 |    29 |    23 ||    66
       Finesse           |       |       |       |    21 |    10 ||    31
       Duel              |       |       |       |       |     1 ||     1
Evoke: Wand              |       |       |       |     1 |     7 ||     8
  Use: Scroll            |     5 |    12 |     4 |    11 |     9 ||    41
 Stab: Sleeping          |     5 |       |       |       |       ||     5
Armor: Ring mail         |    33 |    74 |       |       |       ||   107
       Scale mail        |       |    48 |   149 |   150 |   146 ||   493
Dodge: Dodged            |    67 |   153 |   181 |   205 |   265 ||   871

Table legend: (Time is in decaauts)
 A = Elapsed time spent in this place.
 B = Non-inter-level travel time spent in this place.
 C = Inter-level travel time spent in this place.
 D = Time resting spent in this place.
 E = Time spent auto-exploring this place.
 F = Levels seen in this place.
 G = Mean time per level.
                   A        B        C        D        E       F      G
               +--------+--------+--------+--------+--------+-----+--------+
         Total |  23440 |  22441 |    999 |   1855 |  16832 |  20 | 1172.0 |
       Dungeon |  12622 |  12025 |    597 |    860 |   9130 |  11 | 1147.5 |
        Temple |     81 |     34 |     47 |      0 |     22 |   1 |   81.0 |
          Lair |   8761 |   8407 |    354 |    643 |   6751 |   5 | 1752.2 |
         Sewer |   1761 |   1761 |      0 |    352 |    819 |   1 | 1761.0 |
       Ossuary |    205 |    205 |      0 |      0 |    110 |   1 |  205.0 |
         Arena |      8 |      8 |      0 |      0 |      0 |   1 |    8.0 |
               +--------+--------+--------+--------+--------+-----+--------+

Top non-repeatable levels by time:
  Lair:5: 2744 daAuts
     D:5: 2145 daAuts
  Lair:4: 2114 daAuts
     D:8: 2067 daAuts
   Sewer: 1761 daAuts
     D:9: 1629 daAuts
  Lair:2: 1362 daAuts
  Lair:3: 1319 daAuts
     D:2: 1241 daAuts
  Lair:1: 1220 daAuts
     D:6: 1178 daAuts
     D:3: 1137 daAuts
     D:4: 979 daAuts
     D:1: 845 daAuts
    D:11: 828 daAuts
